 Dungeon Crawl Stone Soup version 0.31-a0-1176-gb7303255ee (webtiles) character file.

Game seed: 8399341389134790309

2732 GordonOverkill the Mimic (level 9, -1/54 (56) HPs)
             Began as a Spriggan Delver on Dec 10, 2023.
             Was a Follower of Okawaru.
             Slain by Pikel
             ... wielding a +2 whip of freezing
              (5 damage)
             ... on level 6 of the Dungeon on Dec 11, 2023.
             The game lasted 00:19:47 (9330 turns).

GordonOverkill the Mimic (Spriggan Delver)          Turns: 9330, Time: 00:19:47

HP:   -1/54 (56)    AC:  9    Str: 17    XL:     9   Next: 40%
MP:   13/13         EV: 10    Int: 11    God:    Okawaru [*.....]
Gold: 358           SH:  0    Dex: 17    Spells: 8/8 levels left

rFire   . .          .
                       - Unarmed
rCold   . . .        (shield currently unavailable)
rNeg    . . .        a - melded +1 robe
rPois   +            (helmet currently unavailable)
rElec   .            (cloak currently unavailable)
rCorr   .            (gloves unavailable)
SInv    +            (boots unavailable)
Will    +....        (no amulet)
Stlth   ++++         u - +4 ring of slaying
HPRegen 0.29/turn    (no ring)
MPRegen 0.13/turn

%: no passive effects
@: snake-form, hasted, lightly drained, very quick
A: constrict, boosted hp, large, no large weapons, unfitting armour, see
invisible, (speed 3)
a: Begin Untransformation, Renounce Religion, Heroism


You were on level 6 of the Dungeon.
You worshipped Okawaru.
Okawaru was aware of your devotion.
You were an enormous serpent.
You visited 2 branches of the dungeon, and saw 8 of its levels.

You collected 358 gold pieces.

Inventory:

Missiles
 r - 28 poisoned darts
 y - 2 curare-tipped darts
Armour
 a - a +1 robe (melded)
Jewellery
 f - an amulet of faith
 g - a ring of resist corrosion
 u - a +4 ring of slaying (left hand)
Talismans
 i - a serpent talisman (active)
Scrolls
 b - a scroll of silence {unknown}
 c - a scroll of revelation
 d - a scroll of vulnerability {unknown}
 h - 2 scrolls of brand weapon
 j - 3 scrolls of amnesia
 l - 5 scrolls of teleportation
 m - 2 scrolls of enchant armour
 n - a scroll of enchant weapon {unknown}
 o - a scroll of poison {unknown}
 z - a scroll of blinking {unknown}
 A - a scroll of torment {unknown}
Potions
 e - 2 potions of haste
 k - 2 potions of mutation
 p - a potion of ambrosia
 q - a potion of enlightenment
 s - a potion of curing
 t - a potion of lignification
 v - 4 potions of heal wounds {unknown}
 w - a potion of invisibility


   Skills:
 - Level 5.0 Fighting
 - Level 2.0 Throwing
 - Level 2.6 Dodging
 - Level 7.2 Stealth
 + Level 5.3 Unarmed Combat
 - Level 5.0 Invocations
 - Level 10.0 Shapeshifting


You had 8 spell levels left.
You didn't know any spells.
Your spell library contained the following spells:

 Spells                   Type           Power      Damage    Failure   Level
 Magic Dart               Conj           0%         1d3       34%         1
 Searing Ray              Conj           0%         2d4       47%         2
 Fulminant Prism          Conj/Hex       0%         3d5       98%         4
 Olgreb's Toxic Radiance  Pois           0%         N/A       98%         4
 Discord                  Hex            0%         N/A       100%        8
 Ignition                 Fire           0%         3d3       100%        8


Dungeon Overview and Level Annotations

Branches:
Dungeon (7/15)             Temple (1/1) D:6

Altars:
Ashenzari
Cheibriados
Dithmenos
Elyvilon
Fedhas
Gozag
Hepliaklqana
Kikubaaqudgha
Makhleb
Nemelex Xobeh
Okawaru
Qazlal
Sif Muna
Trog
Uskayaw
Vehumet
Xom
Yredelemnul
Zin
The Shining One

Annotations:
D:6 Pikel


Innate Abilities, Weirdness & Mutations

You are an enormous serpent.
You have a powerful constriction melee attack.
Your maximum health is increased.
Your armour is entirely melded.
You are incapable of wielding weapons or throwing items.
You are very small and have problems with some larger weapons.
You are too small for most types of armour.
You have supernaturally acute eyesight. (SInv)
((You cover ground extremely quickly. (Speed+++)))


Message History

The lemure hits you.
* * * LOW HITPOINT WARNING * * *
You release your grip on the lemure.
The lemure attacks as it pursues you! The lemure hits you.
* * * LOW HITPOINT WARNING * * *
Pikel attacks as he pursues you! Pikel closely misses you.
The lemure attacks as it pursues you! The lemure hits you.
* * * LOW HITPOINT WARNING * * *
Pikel attacks as he pursues you!
Pikel hits you with a +2 whip of freezing!
* * * LOW HITPOINT WARNING * * *
Pikel freezes you.
* * * LOW HITPOINT WARNING * * *
Pikel waves his whip at you. The lemure attacks as it pursues you!
The lemure hits you but does no damage. Pikel attacks as he pursues you!
Pikel barely misses you. The lemure attacks as it pursues you!
The lemure hits you but does no damage.
There is an escape hatch in the ceiling here.
The lemure hits you but does no damage.
Pikel hits you with a +2 whip of freezing.
* * * LOW HITPOINT WARNING * * *
You feel yourself slow down. Pikel freezes you.
* * * LOW HITPOINT WARNING * * *
A mysterious force pulls you upwards. The hatch slams shut behind you.
Okay, then.
You feel better.
You feel yourself speed up. The lemure hits you.
* * * LOW HITPOINT WARNING * * *
Pikel hits you with a +2 whip of freezing!
* * * LOW HITPOINT WARNING * * *
You feel yourself slow down. Pikel freezes you.
* * * LOW HITPOINT WARNING * * *
Okay, then.
You feel yourself speed up.
You feel yourself speed up. The lemure barely misses you.
Pikel hits you with a +2 whip of freezing.
You die...
Pikel says, "See you in Hell!"

### #######
#.######..##.####
##...#...........##
##.................#
#..........#.K.....# #
###.##.....##.S....# #
##.##.....###..5..##
###...#....###.....##
..#...#.....#.....###
.......<.##.........##
.........#....##.....###
..............##.......##
.............###........#
...#...##.........#.....#


You could see Pikel and a lemure.

Vanquished Creatures
  Grinder (D:5)
  Sigmund (D:3)
  Menkaure (D:4)
  A water moccasin (D:7)
  A black bear (D:5)
  An ogre (D:5)
  A centaur (D:6)
  A phantom (D:6)
  5 kobold brigands (D:5)
  3 scorpions
  11 wights
  A vampire bat (D:2)
  A howler monkey (D:4)
  2 jellies (D:5)
  An orc priest (D:5)
  4 hounds
  5 iguanas
  An orc wizard (D:5)
  6 adders
  3 gnolls (D:3)
  2 white imps
  2 worms
  5 dart slugs
  3 fire bats (D:3)
  28 orcs
  2 spectral bats (D:3)
  8 ball pythons
  3 bat skeletons (D:3)
  A bat zombie (D:3)
  7 endoplasms
  3 giant cockroaches
  6 goblins
  11 hobgoblins
  8 jackals
  8 quokkas
  15 bats
  A bat simulacrum (D:3)
  3 frilled lizards
  7 kobolds
  5 rats
179 creatures vanquished.

Notes
Turn   | Place    | Note
-------+----------+-------------------------------------------
     0 | D:5      | GordonOverkill the Spriggan Delver began the quest for the
                  | Orb.
     0 | D:5      | Reached XP level 1. HP: 11/11 MP: 2/2
     6 | D:6      | Noticed a hound
    50 | D:6      | Found a staircase to the Ecumenical Temple.
    60 | Temple   | Entered the Ecumenical Temple
   161 | D:5      | Noticed a jelly
   213 | D:5      | Noticed an orc priest
   341 | D:4      | Noticed Menkaure
   346 | D:4      | Noticed a howler monkey
   363 | D:3      | Noticed Sigmund
   548 | D:3      | Reached skill level 1 in Throwing
   592 | D:3      | Reached XP level 2. HP: 13/16 MP: 3/3
  1407 | D:1      | Reached skill level 1 in Shapeshifting
  1508 | D:1      | Reached XP level 3. HP: 19/19 MP: 4/4
  1956 | D:1      | Reached skill level 2 in Shapeshifting
  2922 | D:2      | Reached skill level 3 in Shapeshifting
  3404 | D:3      | Reached XP level 4. HP: 17/23 MP: 5/5
  4258 | D:2      | HP: 1/23 [orc wizard/puff of flame (8)]
  4426 | D:3      | Reached skill level 4 in Shapeshifting
  4467 | D:3      | Killed Sigmund
  4468 | D:3      | Reached skill level 5 in Shapeshifting
  4468 | D:3      | Reached skill level 6 in Shapeshifting
  4468 | D:3      | Reached XP level 5. HP: 27/27 MP: 6/6
  4792 | D:3      | Reached XP level 6. HP: 24/32 MP: 7/7
  4995 | D:3      | Reached skill level 7 in Shapeshifting
  5699 | D:4      | Reached XP level 7. HP: 33/36 MP: 8/8
  5720 | D:4      | Killed Menkaure
  5721 | D:4      | Reached skill level 8 in Shapeshifting
  6050 | D:4      | Reached skill level 9 in Shapeshifting
  6418 | D:5      | Reached skill level 10 in Shapeshifting
  6418 | D:5      | Reached XP level 8. HP: 40/40 MP: 9/9
  6479 | D:5      | Noticed Grinder
  6488 | D:5      | Killed Grinder
  6847 | D:5      | Found the +7 Throatcutter {drain, coup de grace}
  7167 | D:5      | Reached skill level 5 in Unarmed Combat
  7396 | Temple   | Became a worshipper of Warmaster Okawaru
  7521 | D:6      | HP: 2/48 [wight/+3 halberd of freezing (2)]
  7741 | D:6      | Reached skill level 5 in Fighting
  7774 | D:6      | Reached skill level 1 in Invocations
  7774 | D:6      | Reached XP level 9. HP: 47/47 MP: 10/10
  8517 | D:6      | Reached * piety under Okawaru
  8928 | D:7      | Reached skill level 5 in Invocations
  9312 | D:7      | Noticed Pikel
  9330 | D:6      | Slain by Pikel

Illustrated notes

Levels and vault maps discovered:
D:1:      tarquinn_simple_flora_water_b, layout_rooms, minivault_11,
          minmay_bisected
D:2:      layout_loops_corners
D:3:      kennysheep_six_static_rooms, layout_loops_ring, glass_columns_b,
          goddamned_bats, uniq_sigmund
D:4:      minmay_chambers_of_threes, layout_rooms, uniq_menkaure
D:5:      layout_basic, dilly_guarded_unrand_throatcut, uniq_grinder
D:6:      layout_cave_pools, minmay_temple_entry_large_hall
D:7:      layout_basic, mainiacjoe_overflow_cross_hatched, uniq_jeremiah,
          uniq_pikel
Temple:   nicolae_temple_slightly_damp_pantheon

Skill      XL: |  1  2  3  4  5  6  7  8  9 |
---------------+----------------------------+-----
Throwing       | 1 2 |  2.0
Unarmed Combat | 2 5 |  5.3
Shapeshifting  | 1 3 6 7 10 | 10.0
Fighting       | 3 5 |  5.0
Invocations    | 1 5 |  5.0
Dodging        | |  2.6
Stealth        | |  7.2

Action                     |  1- 3 |  4- 6 |  7- 9 || total
---------------------------+-------+-------+-------++-------
  Melee: Unarmed           |   274 |   193 |   187 ||   654
         Punch             |     3 |     2 |       ||     5
         Constrict         |       |    17 |    47 ||    64
  Throw: Dart              |     9 |       |       ||     9
  Evoke: Wand              |     1 |     2 |       ||     3
    Use: Scroll            |     8 |     1 |     5 ||    14
         Potion            |       |     2 |     2 ||     4
   Stab: Sleeping          |    11 |     6 |     7 ||    24
         Distracted        |       |       |     1 ||     1
 Armour: Robe              |    82 |    42 |       ||   124
         Skin              |       |    95 |   158 ||   253
  Dodge: Dodged            |   239 |   179 |    99 ||   517
   Form: Serpent           |     1 |     2 |       ||     3
                           |     1 |     1 |       ||     2

Table legend: (Time is in decaauts)
 A = Elapsed time spent in this place.
 B = Non-inter-level travel time spent in this place.
 C = Inter-level travel time spent in this place.
 D = Time resting spent in this place.
 E = Time spent auto-exploring this place.
 F = Levels seen in this place.
 G = Mean time per level.
                   A        B        C        D        E       F      G
               +--------+--------+--------+--------+--------+-----+--------+
         Total |   8295 |   7812 |    483 |   3192 |   2437 |   8 | 1036.9 |
       Dungeon |   7992 |   7563 |    429 |   2964 |   2437 |   7 | 1141.7 |
        Temple |    302 |    248 |     54 |    228 |      0 |   1 |  302.0 |
               +--------+--------+--------+--------+--------+-----+--------+

Top non-repeatable levels by time:
     D:5: 1807 daAuts
     D:3: 1698 daAuts
     D:1: 1321 daAuts
     D:2: 1104 daAuts
     D:6: 884 daAuts
     D:4: 880 daAuts
  Temple: 302 daAuts
     D:7: 296 daAuts
